 Dungeon Crawl Stone Soup version 0.30-b1-2-g02819fbbbe (webtiles) character file.

Game seed: 12072486076060081743

1255 Arum the Shield-Bearer (level 8, -7/60 (65) HPs)
             Began as a Formicid Fighter on May 16, 2023.
             Was a Priest of Qazlal.
             Killed from afar by a steam dragon (18 damage)
             ... with a ball of steam
             ... on level 6 of the Dungeon on May 17, 2023.
             The game lasted 00:08:43 (5111 turns).

Arum the Shield-Bearer (Formicid Fighter)           Turns: 5111, Time: 00:08:43

HP:   -7/60 (65)    AC:  7    Str: 24    XL:     8   Next: 80%
MP:   11/11         EV:  9    Int:  7    God:    Qazlal [***...]
Gold: 232           SH: 11    Dex: 19    Spells: 7/7 levels left

rFire   . . .        a - +0 quarterstaff
rCold   + . .        c - +0 buckler
rNeg    . . .        b - +0 scale mail
rPois   .            (helmet unavailable)
rElec   .            (no cloak)
rCorr   .            (no gloves)
SInv    +            (no boots)
Will    .....        (no amulet) Stlth
                     n - ring of protection from cold
HPRegen 0.30/turn    r - +6 ring of dexterity
MPRegen 0.12/turn

%: no passive effects
@: mighty, drained
A: permanent stasis, dig shafts and tunnels, antennae 3, four strong arms
a: Dig, Shaft Self, Renounce Religion, Upheaval, Elemental Force


You were on level 6 of the Dungeon.
You worshipped Qazlal.
Qazlal was most pleased with you.
You visited 1 branch of the dungeon, and saw 6 of its levels.

You collected 232 gold pieces.

Inventory:

Hand Weapons
 a - a +0 quarterstaff (weapon)
 x - the +6 mace of Spores {protect, Str+2}
   (You found it on level 3 of the Dungeon)

   Str:       It affects your strength (+2).
 E - a +1 dire flail of holy wrath
Armour
 b - a +0 scale mail (worn)
 c - a +0 buckler (worn)
 D - a scarf of harm
Jewellery
 k - an amulet of magic regeneration
 n - a ring of protection from cold (left hand)
 r - a +6 ring of dexterity (right hand)
Wands
 v - a wand of charming (5)
 B - a wand of flame (20)
Scrolls
 d - a scroll of poison {unknown}
 h - 4 scrolls of identify {unknown}
 i - 2 scrolls of fog {unknown}
 m - a scroll of fear {unknown}
 o - 2 scrolls of enchant armour {unknown}
 s - 2 scrolls of vulnerability {unknown}
 w - 2 scrolls of amnesia {unknown}
 y - a scroll of blinking {unknown}
 C - a scroll of noise {unknown}
Potions
 e - 3 potions of mutation {unknown}
 f - 6 potions of curing {unknown}
 g - a potion of ambrosia {unknown}
 j - a potion of berserk rage {unknown}
 l - a potion of magic {unknown}
 p - 2 potions of brilliance {unknown}
 q - 5 potions of heal wounds {unknown}
 t - a potion of degeneration {unknown}
 u - 2 potions of lignification {unknown}
 A - a potion of resistance {unknown}


   Skills:
 + Level 6.7 Fighting
 + Level 5.6 Staves
 - Level 3.7 Armour
 + Level 7.8 Shields
 + Level 4.2 Invocations


You had 7 spell levels left.
You didn't know any spells.
Your spell library was empty.

Dungeon Overview and Level Annotations

Branches:
Dungeon (6/15)
 Temple: D:4-7

Altars:
Ashenzari
Fedhas
Gozag
Okawaru
Qazlal
Vehumet
Zin

Annotations:
D:6 Maggie


Innate Abilities, Weirdness & Mutations

You cannot be hasted, slowed, berserked, paralysed or teleported.
You can dig through walls and to a lower floor.
You have a pair of large antennae on your head. (SInv)
Your four strong arms can wield two-handed weapons with a shield.


Message History

Qazlal accepts your kill.
You sock the orc!
You kill the orc!
Qazlal accepts your kill.
You start resting.
You sense a monster nearby.
You bludgeon the orc!!
You kill the orc!
Qazlal accepts your kill.
You hear an angry hiss.
You sock the orc priest!
You kill the orc priest!
Qazlal accepts your kill.
You hit the steam dragon but do no damage.
You hear a shout!
The steam dragon bites you but does no damage.
The steam dragon claws you but does no damage.
You hit the steam dragon.
The steam dragon is lightly wounded.
You hear a shout! x2
The steam dragon bites you.
* * * LOW HITPOINT WARNING * * *
The steam dragon barely misses you.
You hear a shout!
You completely miss the steam dragon.
The steam dragon is lightly wounded.
You block the steam dragon's attack. The steam dragon misses you.
You closely miss the steam dragon.
The steam dragon is lightly wounded.
The steam dragon bites you.
* * * LOW HITPOINT WARNING * * *
The steam dragon barely misses you.
You sock the steam dragon!
The steam dragon is severely wounded.
You block the steam dragon's attack. x2
You barely miss the steam dragon.
The steam dragon is severely wounded.
The steam dragon breathes steam at you. The ball of steam hits you!!
You die...

{ #.....<...[
#.........#
####...#### ###
### #...#
#.#####o####...#
#{{{{{{{.g....##
##{##{{{..#####
#D##{{{{.....#
##@##{....##.#
#####[..## ..
##.## ## #.# #.#
.. #


You could see a steam dragon (catching breath).

Vanquished Creatures
  Edmund (D:6)
  An ice beast (D:5)
  2 centaurs (D:6)
  A phantom (D:5)
  A bullfrog (D:6)
  2 howler monkeys
  3 hounds (D:6)
  A jelly (D:4)
  2 gnoll boudas (D:4)
  3 orc priests
  An iguana (D:5)
  A sleepcap (D:5)
  2 orc wizards
  15 gnolls
  5 adders
  A shadow imp (D:3)
  A white imp (D:5)
  2 ufetubi (D:5)
  2 dart slugs
  A worm (D:5)
  19 orcs
  3 ball pythons
  7 endoplasms
  A giant cockroach (D:4)
  3 goblins
  5 hobgoblins
  4 jackals (D:4)
  6 kobolds
  2 quokkas
  4 bats
  5 rats
107 creatures vanquished.

Notes
Turn   | Place    | Note
-------+----------+-------------------------------------------
     0 | D:1      | Arum the Formicid Fighter began the quest for the Orb.
     0 | D:1      | Reached XP level 1. HP: 18/18 MP: 1/1
   127 | D:1      | Reached XP level 2. HP: 24/24 MP: 2/2
   801 | D:2      | Found a faded altar of an unknown god.
   805 | D:2      | Reached XP level 3. HP: 29/29 MP: 3/3
   811 | D:2      | Prayed at the altar of an unknown god.
   811 | D:2      | Became a worshipper of Qazlal Stormbringer
   811 | D:2      | Reached * piety under Qazlal
  1423 | D:3      | Found a radiant altar of Vehumet.
  1426 | D:3      | Found an opulent altar of Gozag.
  1504 | D:3      | Reached XP level 4. HP: 36/37 MP: 4/4
  2036 | D:3      | Found a blossoming altar of Fedhas.
  2045 | D:3      | Found a glowing silver altar of Zin.
  2435 | D:3      | Reached XP level 5. HP: 36/42 MP: 5/5
  2525 | D:3      | Identified the +6 mace of Spores {protect, Str+2}
  2526 | D:3      | Found an iron altar of Okawaru.
  2709 | D:4      | Reached skill level 5 in Shields
  2718 | D:4      | Reached ** piety under Qazlal
  2856 | D:4      | Reached XP level 6. HP: 43/50 MP: 6/6
  3115 | D:4      | Reached skill level 5 in Fighting
  3416 | D:4      | Reached skill level 6 in Shields
  3682 | D:5      | Entered Level 5 of the Dungeon
  3710 | D:4      | Reached XP level 7. HP: 18/54 MP: 7/7
  3853 | D:5      | Reached skill level 1 in Invocations
  4097 | D:5      | Reached *** piety under Qazlal
  4493 | D:5      | Reached XP level 8. HP: 29/64 MP: 8/10
  4635 | D:5      | Found a broken altar of Ashenzari.
  4639 | D:5      | Saw a vision of the Swamp and the Snake Pit.
  4639 | D:5      | Noticed a will-o-the-wisp
  4639 | D:5      | Noticed a naga mage
  4639 | D:5      | Noticed a naga sharpshooter
  4639 | D:5      | Noticed a mana viper
  4639 | D:5      | Noticed a goliath frog
  4639 | D:5      | Noticed a salamander
  4639 | D:5      | Noticed a spriggan rider
  4640 | D:5      | Noticed a spriggan druid
  4642 | D:5      | Noticed a bloated husk
  4680 | D:5      | Reached skill level 5 in Staves
  4680 | D:5      | Reached skill level 7 in Shields
  4919 | D:6      | Noticed Edmund
  4935 | D:6      | Killed Edmund
  5078 | D:6      | Noticed Maggie
  5111 | D:6      | Killed from afar by a steam dragon

Illustrated notes

Levels and vault maps discovered:
D:1:      dpeg_arrival_boxorama, layout_basic
D:2:      layout_basic, nicolae_ecumenical_pavilion
D:3:      layout_loops_corners, lemuel_coloured_pillars_altar,
          nicolae_overflow_squiral, mainiacjoe_overflow_swirl,
          serial_co_window_serial, co_window_paths_a, co_window_corner_a,
          co_window_corner_a, co_window_corner_a, co_window_corner_a,
          co_window_unsneaky_path_d, co_window_unsneaky_path_a,
          co_window_corner_b, co_window_unsneaky_path_c, co_window_2corner,
          co_window_paths_e, glass_columns_b, minmay_misc_feat_doors
D:4:      layout_basic
D:5:      layout_loops_ring, grunt_ashenzari_visionary
          [grunt_ashenzari_visionary_swamp, grunt_ashenzari_visionary_snake],
          minmay_misc_feat_rows, hangedman_decor_opposing
D:6:      minmay_clustersquares, layout_loops_ring,
          mainiacjoe_overflow_24_doors, temple_fountains, serial_shops, shop,
          kennysheep_generic_room_6, uniq_edmund, uniq_maggie

Skill      XL: |  1  2  3  4  5  6  7  8 |
---------------+-------------------------+-----
Fighting       | 4 5 6 |  6.7
Staves         | 3 4 5 |  5.6
Shields        | 5 6 7 |  7.8
Invocations    | 2 4 |  4.2
Armour         | |  3.7

Action                     |  1- 3 |  4- 6 |  7- 9 || total
---------------------------+-------+-------+-------++-------
  Melee: Quarterstaff      |    79 |   142 |   155 ||   376
Ability: Dig               |     1 |     3 |     3 ||     7
  Evoke: Wand              |       |       |     1 ||     1
    Use: Potion            |       |     1 |     1 ||     2
 Armour: Scale mail        |    21 |    29 |    47 ||    97
  Dodge: Dodged            |    35 |    29 |    37 ||   101
  Block: Buckler           |    24 |    59 |    80 ||   163
